Map: Catalyst LE

Players

Aaron

  • Race: Protoss Protoss
  • League: Master
  • Spawn Location: 11:00

Goomba - Winner!

  • Race: Zerg Zerg
  • League: Grandmaster
  • Spawn Location: 5:00

VOD

Have the link to the VOD?

Description

Time

  • Played on: June 27, 2018, 4:55 a.m.
  • Length: 17:00
Show
View Real Time Build Order
Export as new Build Order

Aaron Protoss 

Build Orders: 1 Gate Expand, Colossus Rush 

Get SALT Encoding   

  12  0:00  Probe  
  13  0:13  Probe  
  14  0:21  Pylon  
  14  0:25  Probe  
  15  0:35  Probe  
  15  0:40  Gateway  
  16  0:43  Probe  
  16  0:49  Assimilator  
  17  0:53  Probe  
  18  1:06  Probe  
  19  1:18  Probe  
  20  1:30  Probe  
  20  1:32  Nexus  
  21  1:42  Cybernetics Core  
  21  1:50  Pylon  
  21  1:56  Assimilator  
  21  1:59  Zealot  
  22  2:08  Probe  
  24  2:20  Probe, Adept  
  24  2:21  Warp Gate  
  27  2:32  Probe  
  28  2:43  Stargate  
  28  2:44  Probe  
  28  2:45  Gateway  
  28  2:47  Probe  
  30  2:54  Probe  
  30  2:55  Adept, Probe  
  33  3:02  Probe  
  33  3:03  Probe  
  34  3:11  Probe  
  36  3:13  Probe  
  36  3:18  Void Ray  
  38  3:23  Probe  
  38  3:25  Probe  
  40  3:34  Pylon  
  44  3:35  Probe  
  44  3:37  Probe  
  46  3:44  Assimilator  
  46  3:46  Assimilator  
  46  3:52  Probe x2  
  46  3:54  Shield Battery  
  48  4:00  Stargate  
  48  4:03  Pylon  
  48  4:04  Probe x2  
  50  4:12  Void Ray  
  54  4:21  Probe x2  
  56  4:33  Probe x2  
  56  4:37  Robotics Facility  
  60  4:45  Probe x2  
  60  4:49  Pylon  
  60  4:57  Probe  
  61  5:05  Pylon  
  61  5:06  Void Ray x2  
  69  5:15  Pylon  
  69  5:19  Forge, Probe  
  70  5:23  Probe  
  70  5:27  Robotics Bay  
  71  5:31  Probe  
  71  5:34  Observer  
  71  5:35  Probe  
  74  5:39  Shield Battery  
  74  5:42  Shield Battery  
  74  5:43  Shield Battery  
  74  5:46  Pylon  
  74  5:49  Void Ray  
  78  5:50  Sentry  
  78  5:51  Sentry  
  78  5:55  Observer  
  83  5:59  Colossus  
  83  6:02  Extended Thermal Lance  
  83  6:17  Zealot x2  
  93  6:21  Pylon  
  93  6:23  Pylon x2  
  93  6:24  Pylon  
  93  6:36  Gateway  
  93  6:37  Gateway  
  89  6:41  Gateway  
  85  6:52  Colossus  
  83  6:54  Stalker x2  
  80  7:09  Void Ray  
  80  7:13  Gateway  
  84  7:16  Gateway  
  84  7:22  Void Ray  
  84  7:25  Shield Battery  
  84  7:26  Shield Battery  
  84  7:28  Shield Battery  
  88  7:36  Stalker x3  
  94  7:45  Void Ray  
  94  7:51  Stalker x2  
  94  8:10  Zealot x2  
  98  8:18  Zealot x2  
  98  8:19  Void Ray  
  102  8:25  Colossus  
  108  8:30  Zealot  
  108  8:31  Zealot x2  
  108  8:32  Zealot  
  120  8:42  Pylon  
  120  8:43  Pylon  
  120  8:44  Pylon  
  120  8:47  Void Ray  
  124  8:55  Stalker  
  126  9:08  Colossus  
  126  9:11  Stalker  
  126  9:14  Zealot x3  
  134  9:22  Void Ray  
  140  9:27  Stalker x2  
  144  9:37  Zealot  
  150  9:43  Pylon  
  150  9:46  Pylon  
  150  10:01  Void Ray  
  150  10:05  Colossus  
  148  10:22  Stalker  
  148  10:23  Stalker  
  132  10:34  Stalker x4  
  126  10:35  Observer  
  120  10:50  Colossus  
  120  10:51  Stalker  
  120  10:52  Stalker  
  128  11:27  Void Ray x2  
  136  11:46  Stalker x4  
  144  12:04  Nexus  
  125  12:28  Pylon  
  116  12:31  Pylon  
  95  13:00  Forge  
  91  14:07  Probe  
Show
View Real Time Build Order
Export as new Build Order

Goomba Zerg - Winner!

Build Orders: Pool First 

Get SALT Encoding   

  12  0:01  Drone  
  13  0:13  Overlord  
  13  0:17  Drone  
  14  0:31  Drone x2  
  17  0:35  Drone  
  17  0:47  Spawning Pool  
  17  0:49  Drone  
  17  0:59  Drone  
  18  1:15  Hatchery  
  17  1:31  Drone x3  
  20  1:39  Queen  
  20  1:43  Overlord  
  22  2:03  Hatchery  
  21  2:11  Drone x2  
  23  2:18  Queen  
  23  2:22  Overlord  
  25  2:29  Queen  
  27  2:32  Zergling x2  
  27  2:35  Zergling x2  
  29  2:53  Drone x4  
  33  3:01  Queen  
  35  3:07  Queen  
  35  3:11  Overlord  
  37  3:17  Queen  
  39  3:21  Drone  
  41  3:27  Drone x2  
  42  3:41  Overlord  
  42  3:42  Drone x3  
  45  3:50  Queen  
  45  3:52  Queen  
  49  3:56  Queen  
  49  3:59  Overlord  
  51  4:03  Zergling x4  
  53  4:18  Zergling x4  
  53  4:19  Zergling x14  
  62  4:40  Overlord  
  62  4:42  Zergling x6  
  62  4:43  Zergling x2  
  66  4:51  Queen x3  
  72  5:02  Zergling x8  
  72  5:03  Zergling x2  
  77  5:17  Overlord  
  77  5:18  Overlord x3  
  77  5:30  Queen x2  
  77  5:31  Hatchery  
  77  5:33  Queen  
  82  5:52  Zergling x6  
  82  5:53  Zergling x4  
  82  5:55  Overlord  
  87  6:17  Queen  
  87  6:18  Queen x2  
  91  6:20  Zergling x2  
  91  6:21  Zergling x22  
  105  6:53  Zergling x14  
  105  6:54  Queen x2, Zergling x12  
  110  7:07  Drone x7  
  110  7:08  Drone  
  117  7:28  Extractor  
  116  7:30  Extractor  
  116  7:32  Extractor  
  116  7:33  Extractor x2  
  116  7:37  Overlord x3  
  112  7:41  Overlord  
  112  7:42  Drone x3  
  112  7:43  Drone x6  
  112  7:44  Drone  
  119  8:12  Queen x4  
  123  8:26  Drone, Overlord  
  124  8:27  Drone x13  
  124  8:30  Extractor  
  124  8:33  Extractor  
  135  8:35  Extractor  
  134  8:42  Drone  
  135  8:49  Queen x2  
  141  9:00  Lair  
  139  9:04  Roach Warren  
  138  9:10  Metabolic Boost  
  138  9:12  Spore Crawler  
  138  9:13  Spore Crawler  
  138  9:14  Spine Crawler, Spore Crawler  
  134  9:17  Spore Crawler  
  134  9:18  Spine Crawler x3  
  134  9:19  Drone  
  134  9:20  Drone x3  
  134  9:33  Overlord  
  134  9:34  Drone  
  134  9:35  Drone x3  
  138  9:58  Spire  
  137  10:05  Drone x3, Infestation Pit  
  137  10:06  Drone  
  140  10:08  Drone x4  
  84  11:12  Mutalisk x12  
  84  11:13  Mutalisk x2  
  112  11:21  Hatchery  
  112  11:23  Queen  
  112  11:24  Queen  
  116  11:28  Hive  
  112  11:34  Drone  
  112  11:35  Drone x2  
  112  11:38  Mutalisk x3  
  117  11:53  Mutalisk x5  
  117  11:54  Mutalisk  
  113  12:08  Drone  
  113  12:09  Drone x4  
  117  12:21  Spine Crawler  
  115  12:23  Spine Crawler  
  115  12:24  Spine Crawler  
  113  12:36  Extractor  
  107  12:37  Extractor  
  107  12:38  Corruptor x2  
  107  12:39  Corruptor x3  
  114  12:55  Spawning Pool  
  114  12:57  Spire  
  111  13:10  Overlord x3  
  111  13:31  Overlord x3  
  100  13:47  Overlord x4  
  100  13:48  Overlord x2  
  100  14:05  Overlord x3  
  93  14:25  Zergling x2  
  93  14:29  Spawning Pool  
  85  14:44  Zergling x4  
  86  15:14  Hatchery  
  71  16:26  Extractor  
  70  16:40  Drone x2  
Tags
 
Add a new tag
Caveats
  • Supply blocks, unpowered buildings, or Contaminate may cause inaccurate times.
  • Supply counts are checked every 10 seconds.